 Dungeon Crawl Stone Soup version 0.32-a0-975-g85d4e5bfdb (webtiles) character file.

Game seed: 10787973864762177091

2120 dialectric the Ruffian (level 9, 0/87 HPs)
             Began as a Troll Shapeshifter on Apr 19, 2024.
             Shot with a sling bullet by a gnoll (4 damage)
             ... led by a gnoll bouda
             ... on level 6 of the Dungeon.
             The game lasted 00:08:04 (4147 turns).

dialectric the Ruffian (Troll Shapeshifter)         Turns: 4147, Time: 00:08:05

Health: 0/87       AC:  4    Str: 32    XL:     9   Next: 8%
Magic:  8/8        EV: 10    Int: 12    God:
Gold:   344        SH:  0    Dex: 11    Spells: 8/8 levels left

rFire   . .          .
                       - Unarmed
rCold   . . .        (no shield)
rNeg    . . .        a - +0 animal skin
rPois   .            (helmet currently unavailable)
rElec   .            (cloak currently unavailable)
rCorr   .            (gloves unavailable)
SInv    .            (boots unavailable)
Will    .....        (no amulet)
Stlth   +            l - +6 ring of intelligence
HPRegen 1.14/turn    B - +6 ring of strength
MPRegen 0.11/turn

%: no passive effects
@: beast-form
A: beast (slay +3), large, unfitting armour, claws 3, regeneration 1, shaggy fur
1, tough skin 1
a: Begin Untransformation


You were on level 6 of the Dungeon.
You were a hulking beast.
You visited 1 branch of the dungeon, and saw 6 of its levels.
You also visited: Sewer and Ossuary.

You collected 344 gold pieces.

Inventory:

Hand Weapons
 e - a +0 flail
 k - a +2 dagger of draining
 r - a +1 whip of venom
Missiles
 h - 4 silver javelins (quivered)
 j - 17 poisoned darts
 v - 2 throwing nets
Armour
 a - a +0 animal skin (worn)
Jewellery
 l - a +6 ring of intelligence (left claw)
 y - a ring of protection from cold
 B - a +6 ring of strength (right claw)
Talismans
 c - a beast talisman (active)
 d - a flux talisman
 n - a blade talisman
Wands
 s - a wand of warping (9)
 A - a wand of charming (9)
 C - a wand of digging (5)
Scrolls
 f - 2 scrolls of revelation
 g - 4 scrolls of poison
 i - a scroll of identify
 m - a scroll of noise {unknown}
 p - a scroll of immolation {unknown}
 q - 2 scrolls of vulnerability {unknown}
 t - 4 scrolls of fear {unknown}
 u - 4 scrolls of blinking {unknown}
 x - a scroll of fog {unknown}
Potions
 b - a potion of cancellation
 o - 5 potions of haste
 w - a potion of lignification
 z - 2 potions of curing
 E - a potion of mutation {unknown}


   Skills:
 + Level 4.9 Fighting
 - Level 1.2 Maces & Flails
 + Level 5.1 Dodging
 + Level 6.5 Unarmed Combat
 + Level 6.2 Shapeshifting


You had 8 spell levels left.
You didn't know any spells.
Your spell library contained the following spells:

 Spells                   Type           Power      Damage    Failure   Level
 Apportation              Tloc           0%         N/A       32%         1
 Kiss of Death            Conj/Necr      0%         2d5       32%         1
 Necrotise                Necr           0%         1d4       32%         1
 Sting                    Conj/Alch      0%         1d3       32%         1
 Summon Small Mammal      Summ           0%         N/A       32%         1
 Confusing Touch          Hex            0%         N/A       69%         3
 Dazzling Flash           Conj/Hex       0%         N/A       69%         3
 Mephitic Cloud           Conj/Alch/Air  0%         N/A       69%         3
 Sigil of Binding         Hex            0%         N/A       69%         3
 Anguish                  Hex/Necr       0%         N/A       97%         4
 Cause Fear               Hex            0%         N/A       97%         4
 Dispel Undead            Necr           0%         3d6       97%         4
 Silence                  Hex/Air        0%         N/A       100%        5
 Enfeeble                 Hex            0%         N/A       100%        7
 Chain Lightning          Conj/Air       0%         N/A       100%        9
 Fire Storm               Conj/Fire      0%         5d1       100%        9
 Shatter                  Erth           0%         3d5*      100%        9


Dungeon Overview and Level Annotations

Branches:
Dungeon (6/15)              Sewer (visited)         Ossuary (visited)
 Temple: D:4-7

Altars:
Fedhas
Trog
Uskayaw
Yredelemnul
Zin
The Shining One

Shops:
D:6 *


Innate Abilities, Weirdness & Mutations

You are a hulking beast.
Your limbs bulge with bestial killing power. (Slay +3)
You are too large for most types of armour.
You have claws for hands.
Your natural rate of healing is unusually fast.
You are covered in fur. (AC +1)
You have tough skin. (AC +1)


Message History

* * * LOW HITPOINT WARNING * * *
The ufetubus slips past you! The ufetubus hits you.
* * * LOW HITPOINT WARNING * * *
The ufetubus hits you.
* * * LOW HITPOINT WARNING * * *
The gnoll hits you with a +0 club.
* * * LOW HITPOINT WARNING * * *
You barely miss the ufetubus. The ufetubus hits you.
* * * LOW HITPOINT WARNING * * *
The ufetubus hits you but does no damage. x3
The gnoll completely misses you. The gnoll hits you with a +0 flail!
* * * LOW HITPOINT WARNING * * *
The gnoll hits you from afar with a +0 halberd.
* * * LOW HITPOINT WARNING * * *
You feel much better. The ufetubus hits you. The ufetubus barely misses you.
The ufetubus hits you but does no damage.
The ufetubus barely misses you. The gnoll completely misses you.
The gnoll closely misses you. The gnoll hits you with a +0 flail.
* * * LOW HITPOINT WARNING * * *
The ufetubus barely misses you. x2; The gnoll barely misses you.
The ufetubus closely misses you.
The ufetubus hits you but does no damage.
The gnoll hits you with a +0 club.
* * * LOW HITPOINT WARNING * * *
The ufetubus hits you but does no damage.
The ufetubus hits you.
* * * LOW HITPOINT WARNING * * *
The gnoll unwields a +0 sling.
The gnoll wields a +0 spear.
The gnoll hits you with a +0 spear.
* * * LOW HITPOINT WARNING * * *
The gnoll attacks as it pursues you! The gnoll hits you with a +0 flail.
* * * LOW HITPOINT WARNING * * *
The gnoll attacks as it pursues you! The gnoll closely misses you.
The gnoll is no longer moving quickly.
The ufetubus closely misses you. The ufetubus barely misses you.
The gnoll attacks as it pursues you!
The gnoll hits you from afar with a +0 halberd.
* * * LOW HITPOINT WARNING * * *
The gnoll unwields a +0 spear.
The gnoll wields a +0 sling.
The gnoll shoots a sling bullet.
The sling bullet hits you.
You die...

...................
..................#
..............∩...#
..................#
..................#
........g.........#
.......gg.........#
..##.5gg........#
#h5g..........
#<######+###.. +.##
. #. #+


You could see a gnoll bouda, 5 gnolls and 2 ufetubi.

Vanquished Creatures
  Sigmund (D:5)
  A water moccasin (D:5)
  An ice beast (D:5)
  Pargi (Sewer)
  2 phantoms
  A weeping skull (Ossuary)
  A kobold brigand (Sewer)
  5 elf zombies (D:5)
  A brain worm (Sewer)
  An elf skeleton (D:5)
  3 scorpions
  3 water moccasin zombies (Ossuary)
  A sleepcap (D:4)
  A gnoll bouda (D:4)
  A human skeleton (D:5)
  Ijyb (D:5)
  Natasha (thrice) (D:4)
  3 iguanas (D:5)
  2 crocodile zombies (Ossuary)
  2 mummies (Ossuary)
  4 gnolls
  8 adders
  2 ufetubi (D:5)
  6 adder zombies (Ossuary)
  A dart slug (D:5)
  A ribbon worm (D:4)
  An orc (D:5)
  11 ball pythons
  10 endoplasms
  5 giant cockroaches
  6 gnoll zombies (Ossuary)
  8 goblins
  6 hobgoblins
  11 kobolds
  2 quokkas
  6 bats
  6 frilled lizards
  3 jackal zombies (Ossuary)
  3 orc skeletons (D:5)
  6 orc zombies
  10 rats
151 creatures vanquished.

Notes
Turn   | Place    | Note
-------+----------+-------------------------------------------
     0 | D:1      | dialectric the Troll Shapeshifter began the quest for the
                  | Orb.
     0 | D:1      | Reached XP level 1. HP: 18/18 MP: 0/0
   121 | D:1      | Reached skill level 1 in Fighting
   126 | D:1      | Reached XP level 2. HP: 27/27 MP: 1/1
   615 | D:2      | Reached XP level 3. HP: 33/33 MP: 2/2
   868 | D:2      | Reached skill level 1 in Maces & Flails
  1095 | D:2      | Found a glowing silver altar of Zin.
  1465 | D:3      | Reached XP level 4. HP: 41/41 MP: 3/3
  1678 | D:3      | Found a faded altar of an unknown god.
  1966 | D:4      | Noticed Natasha
  1972 | D:4      | Killed Natasha
  1973 | D:4      | Reached XP level 5. HP: 46/49 MP: 4/4
  2059 | D:4      | Found a bloodstained altar of Trog.
  2101 | D:4      | Reached XP level 6. HP: 29/59 MP: 5/5
  2143 | D:4      | Found a glowing drain.
  2174 | Sewer    | Entered a sewer
  2194 | Sewer    | Noticed Pargi
  2220 | Sewer    | Killed Pargi
  2502 | D:4      | Found a blossoming altar of Fedhas.
  2515 | D:4      | Noticed Natasha
  2520 | D:4      | Reached XP level 7. HP: 67/67 MP: 6/6
  2523 | D:4      | Killed Natasha
  2744 | D:4      | Noticed Natasha
  2749 | D:4      | Killed Natasha
  2797 | D:5      | Entered Level 5 of the Dungeon
  2798 | D:5      | Noticed Sigmund
  2884 | D:5      | Reached skill level 5 in Unarmed Combat
  2884 | D:5      | Reached skill level 5 in Shapeshifting
  3033 | D:5      | Killed Sigmund
  3034 | D:5      | Reached XP level 8. HP: 19/78 MP: 7/7
  3144 | D:5      | Found a sand-covered staircase.
  3153 | Ossuary  | Entered an ossuary
  3530 | D:5      | Found a basalt altar of Yredelemnul.
  3540 | D:5      | Found a glowing golden altar of the Shining One.
  3545 | D:5      | Found a hide-covered altar of Uskayaw.
  3741 | D:5      | Noticed Ijyb
  3748 | D:5      | Reached skill level 5 in Dodging
  3755 | D:5      | Killed Ijyb
  4067 | D:5      | Reached XP level 9. HP: 84/87 MP: 8/8
  4132 | D:6      | Found Jumesh's Assorted Antiques.
  4147 | D:6      | HP: 4/87 [gnoll/+0 halberd[a gnoll bouda] (3)]
  4147 | D:6      | Shot with a sling bullet by a gnoll

Illustrated notes

Levels and vault maps discovered:
D:1:      shiori_angband_town, layout_basic
D:2:      layout_basic, basic_altar, st_stairs_4, columned_hall_lemuel,
          kennysheep_generic_room_2
D:3:      layout_rooms, nicolae_ecumenical_lake_church
D:4:      layout_rooms, fedhas_altar_2, nicolae_overflow_hidden_temple,
          portal_sewer_entry_a, kennysheep_generic_room_12, uniq_natasha
D:5:      layout_basic, minmay_overflow_temple_star_quad,
          nicolae_ossuary_entry_catacombs, kennysheep_generic_room_6,
          uniq_sigmund, uniq_ijyb
D:6:      layout_basic, serial_shops, shop, shop, shop, uniq_maggie

Skill      XL: |  1  2  3  4  5  6  7  8 |
---------------+-------------------------+-----
Fighting       | 1 2 3 4 |  4.9
Dodging        | 2 3 4 5 |  5.1
Maces & Flails | 1 |  1.2
Shapeshifting  | 4 5 6 |  6.2
Unarmed Combat | 4 5 6 |  6.5

Action                     |  1- 3 |  4- 6 |  7- 9 || total
---------------------------+-------+-------+-------++-------
  Melee: Unarmed           |    56 |       |   125 ||   181
         Punch             |     2 |       |     9 ||    11
         Dagger            |    28 |   120 |    58 ||   206
         Whip              |       |    66 |    78 ||   144
  Throw: Javelin           |       |       |     4 ||     4
    Use: Potion            |       |     1 |     3 ||     4
         Scroll            |       |       |     4 ||     4
   Stab: Sleeping          |     1 |       |       ||     1
 Armour: Animal skin       |    47 |   147 |   211 ||   405
         Skin              |       |    42 |       ||    42
  Dodge: Dodged            |    30 |    85 |   125 ||   240

Table legend: (Time is in decaauts)
 A = Elapsed time spent in this place.
 B = Non-inter-level travel time spent in this place.
 C = Inter-level travel time spent in this place.
 D = Time resting spent in this place.
 E = Time spent auto-exploring this place.
 F = Levels seen in this place.
 G = Mean time per level.
                   A        B        C        D        E       F      G
               +--------+--------+--------+--------+--------+-----+--------+
         Total |   4116 |   3970 |    146 |    109 |   2603 |   8 |  514.5 |
       Dungeon |   3633 |   3487 |    146 |     92 |   2413 |   6 |  605.5 |
         Sewer |    298 |    298 |      0 |     17 |    139 |   1 |  298.0 |
       Ossuary |    184 |    184 |      0 |      0 |     51 |   1 |  184.0 |
               +--------+--------+--------+--------+--------+-----+--------+

Top non-repeatable levels by time:
     D:5: 1068 daAuts
     D:2: 866 daAuts
     D:1: 598 daAuts
     D:4: 584 daAuts
     D:3: 499 daAuts
   Sewer: 298 daAuts
 Ossuary: 184 daAuts
     D:6: 16 daAuts
